Map: Amygdala

Players

Jumy (ForJumy)

  • Race: Protoss Protoss
  • League: Grandmaster
  • Spawn Location: 7:00

VITRyung (Ryung) - Winner!

  • Race: Terran Terran
  • Spawn Location: 1:00

Event: HomeStory Cup XXVI

VOD

Have the link to the VOD?

Description

Time

  • Played on: Nov. 30, 2024, 2:28 p.m.
  • Length: 10:17

All games in this series

Show
View Real Time Build Order
Export as new Build Order

Jumy Protoss 

Build Orders: 1 Gate Expand, Phoenix Opening, Chargelot Immortal 

Get SALT Encoding   

  12  0:00  Probe  
  13  0:12  Probe  
  14  0:16  Pylon  
  14  0:24  Probe  
  15  0:33  Probe  
  15  0:36  Gateway  
  15  0:42  Assimilator, Probe  
  17  0:52  Probe  
  18  1:04  Probe  
  19  1:16  Probe  
  20  1:23  Cybernetics Core  
  20  1:33  Nexus  
  20  1:37  Probe  
  21  1:44  Pylon  
  21  1:50  Probe  
  21  1:52  Assimilator  
  22  1:58  Sentry  
  22  1:59  Warp Gate  
  22  2:07  Probe  
  25  2:19  Probe  
  25  2:20  Adept  
  28  2:30  Phoenix  
  28  2:31  Probe  
  28  2:34  Twilight Council  
  29  2:40  Probe  
  29  2:42  Probe  
  30  2:44  Gateway  
  30  2:49  Probe  
  30  2:50  Probe  
  31  2:57  Adept, Probe  
  35  3:00  Probe  
  35  3:04  Shield Battery  
  37  3:09  Probe  
  37  3:12  Probe  
  39  3:15  Robotics Facility  
  39  3:22  Probe  
  39  3:24  Probe  
  41  3:27  Gateway  
  41  3:34  Probe  
  42  3:40  Templar Archives  
  42  3:41  Pylon  
  43  3:46  Probe  
  43  3:48  Stalker, Probe  
  44  3:55  Pylon  
  46  3:59  Probe  
  46  4:00  Assimilator, Probe  
  46  4:01  Assimilator  
  48  4:07  Stalker  
  48  4:08  Observer  
  51  4:11  Probe  
  51  4:12  Probe  
  53  4:23  Probe  
  54  4:24  Probe  
  54  4:29  Psionic Storm  
  49  4:37  Probe  
  46  4:38  Probe  
  47  4:47  Warp Prism, Probe  
  47  4:50  Probe  
  51  4:55  High Templar  
  51  4:57  Sentry, Probe  
  56  5:02  Probe  
  57  5:09  Probe  
  59  5:14  Probe  
  59  5:15  High Templar  
  62  5:21  Probe  
  62  5:22  Pylon  
  62  5:29  Nexus  
  62  5:31  Pylon  
  62  5:36  Charge  
  62  5:40  Probe  
  62  5:42  High Templar  
  65  5:45  Pylon  
  65  5:48  High Templar  
  65  5:49  Probe  
  68  5:52  Probe  
  68  5:55  Gateway  
  68  5:56  Gateway  
  69  5:59  Probe  
  69  6:00  Gateway, Forge  
  70  6:04  Immortal  
  70  6:05  High Templar  
  70  6:08  Probe  
  70  6:09  Probe  
  73  6:17  Stalker  
  73  6:18  Probe  
  80  6:21  Probe  
  82  6:26  Gateway  
  82  6:29  Gateway  
  79  6:38  Probe x2  
  75  6:43  Protoss Ground Armor Level 1  
  75  6:45  High Templar x2  
  79  6:47  Probe  
  79  6:49  Archon  
  79  6:50  Probe  
  79  6:51  Probe  
  81  6:59  Probe  
  82  7:01  Probe  
  82  7:02  Probe  
  82  7:06  Gateway  
  82  7:07  Observer, Probe  
  85  7:09  Pylon  
  85  7:11  Probe  
  85  7:14  Stalker x2, Probe  
  85  7:15  Probe  
  90  7:19  Probe  
  91  7:25  Pylon  
  91  7:29  Zealot x3  
  82  7:45  Immortal  
  84  7:57  High Templar  
  84  7:58  High Templar  
  86  8:08  Blink  
  86  8:10  Probe  
  86  8:11  Probe  
  88  8:15  Pylon  
  88  8:16  Nexus, Pylon  
  88  8:17  Pylon x2  
  88  8:22  Immortal  
  88  8:24  High Templar  
  88  8:26  Probe, Pylon  
  95  8:43  Zealot x6  
  95  8:44  Probe x2  
  103  8:56  Warp Prism  
  105  9:09  Zealot x2  
  90  9:21  Observer  
  71  9:24  High Templar x2  
  71  9:27  Observer, Probe  
  75  9:33  Nexus, Probe  
  75  9:36  Immortal  
  75  9:37  Sentry  
  82  9:42  Pylon  
  82  9:51  Zealot x2  
Show
View Real Time Build Order
Export as new Build Order

VITRyung Terran - Winner!

Build Orders:  

Get SALT Encoding   

  12  0:00  SCV  
  13  0:12  SCV  
  14  0:17  Supply Depot  
  14  0:24  SCV  
  15  0:38  SCV  
  15  0:40  Barracks  
  16  0:44  Refinery  
  16  0:50  SCV  
  17  1:02  SCV  
  18  1:15  SCV  
  19  1:26  Marine  
  19  1:27  Orbital Command  
  20  1:38  Command Center  
  20  1:48  Factory  
  20  1:52  SCV  
  21  2:04  SCV, Barracks Reactor  
  22  2:08  Supply Depot  
  22  2:10  Refinery  
  22  2:16  SCV  
  23  2:30  SCV  
  24  2:38  Starport  
  24  2:42  SCV  
  24  2:43  Hellion x2  
  29  2:49  Orbital Command  
  29  2:54  SCV  
  30  3:04  Widow Mine x2  
  34  3:07  SCV  
  35  3:14  Medivac  
  35  3:16  SCV  
  35  3:19  Supply Depot, SCV  
  39  3:25  Widow Mine x2  
  43  3:32  SCV x2  
  45  3:35  Supply Depot, Barracks Tech Lab  
  45  3:44  SCV x2  
  45  3:45  Starport Tech Lab  
  45  3:48  Barracks  
  47  3:56  SCV x2  
  47  3:59  Supply Depot, Marine  
  47  4:00  Siege Tank, Marine  
  54  4:09  Barracks  
  54  4:11  SCV x2  
  54  4:15  Raven  
  58  4:23  SCV x2  
  60  4:26  Marine x2  
  62  4:35  SCV x2  
  62  4:39  Siege Tank  
  62  4:43  Supply Depot, Refinery  
  62  4:45  Engineering Bay  
  63  4:47  SCV  
  63  4:48  Marine x2  
  64  4:54  Supply Depot, SCV  
  64  4:56  Marine x2  
  64  4:57  Bunker  
  64  4:59  SCV  
  68  5:01  Refinery  
  68  5:06  Supply Depot, Stimpack  
  68  5:07  SCV  
  68  5:08  Marine  
  68  5:09  Marine  
  68  5:12  SCV  
  72  5:19  SCV  
  72  5:20  Terran Infantry Weapons Level 1  
  73  5:24  SCV  
  73  5:26  Starport Reactor  
  73  5:27  Supply Depot  
  74  5:31  SCV, Marine x2  
  74  5:32  Marine  
  78  5:36  SCV  
  78  5:37  Supply Depot  
  78  5:39  Supply Depot  
  78  5:40  Factory Reactor  
  78  5:41  Combat Shield  
  79  5:48  Marauder  
  81  5:50  Supply Depot, Marauder  
  81  5:52  Marine x2  
  85  5:59  Command Center  
  85  6:05  Medivac  
  85  6:06  Medivac  
  85  6:09  Marauder  
  91  6:11  Marauder  
  91  6:12  Supply Depot  
  93  6:19  Marine x2  
  93  6:20  Widow Mine  
  93  6:21  Widow Mine  
  99  6:31  Marauder  
  103  6:33  Marauder  
  103  6:37  Medivac  
  105  6:43  Marine x2  
  107  6:48  Concussive Shells  
  107  6:51  SCV x2  
  107  6:52  Marauder  
  107  6:53  Barracks, Medivac  
  107  6:54  Barracks, Marauder  
  113  7:09  Widow Mine x2  
  113  7:12  SCV x2  
  113  7:14  Marauder  
  123  7:15  Marauder  
  123  7:17  Terran Infantry Armor Level 1  
  123  7:25  Marine  
  124  7:30  Widow Mine  
  124  7:34  SCV x2  
  124  7:35  Marauder  
  126  7:42  Marine, Marauder  
  126  7:43  Marine  
  121  7:46  SCV  
  121  7:49  Barracks Tech Lab, Barracks Reactor  
  122  7:52  Ghost Academy  
  122  7:56  Marauder  
  122  8:01  Viking  
  122  8:02  SCV  
  122  8:03  SCV  
  126  8:13  SCV  
  126  8:14  SCV  
  128  8:20  Supply Depot  
  128  8:23  Ghost x2  
  134  8:28  Ghost  
  134  8:30  Marine x3  
  134  8:33  SCV x2  
  137  8:43  SCV  
  137  8:45  SCV  
  137  8:47  SCV  
  140  8:51  Ghost  
  143  8:55  Orbital Command  
  143  8:57  SCV  
  143  8:58  Ghost  
  143  8:59  SCV  
  148  9:03  Marine x3  
  148  9:09  SCV  
  152  9:11  SCV  
  152  9:15  Marauder  
  152  9:16  Marine  
  147  9:20  Marine, Marauder  
  148  9:24  Widow Mine x2  
  148  9:25  Marine x2  
  148  9:27  Marauder  
  148  9:28  Refinery  
  148  9:29  Refinery  
  150  9:36  Ghost  
  153  9:40  SCV x3  
  153  9:41  Marine  
  153  9:44  Command Center  
  157  9:47  Supply Depot  
  157  9:48  Supply Depot  
  157  9:50  Marine  
  157  9:51  Marine  
  157  9:57  Marine  
  157  10:04  Engineering Bay, Armory  
Tags
 
Add a new tag
Caveats
  • Supply blocks, unpowered buildings, or Contaminate may cause inaccurate times.
  • Supply counts are checked every 10 seconds.